 Dungeon Crawl Stone Soup version 0.31.0 (webtiles) character file.

Game seed: 12460735021849765718

173 gelatine the Shooter (level 5, -1/39 HPs)
             Began as a Demonspawn Hunter on Jan 20, 2024.
             Incinerated by a bombardier beetle (5 damage)
             ... with a burning spray
             ... on level 3 of the Dungeon.
             The game lasted 00:02:20 (1399 turns).

gelatine the Shooter (Demonspawn Hunter)            Turns: 1399, Time: 00:02:21

Health: -1/39      AC:  3    Str: 11    XL:     5   Next: 28%
Magic:  5/5        EV: 12    Int: 10    God:
Gold:   84         SH:  0    Dex: 18    Spells: 4/4 levels left

rFire   . . .        a - +0 shortbow
rCold   . . .        (shield currently unavailable)
rNeg    . . .        c - +0 leather armour
rPois   .            (no helmet)
rElec   .            (no cloak)
rCorr   .            (no gloves)
SInv    .            (no boots)
Will    .....        (no amulet)
Stlth   +            (no ring)
HPRegen 0.26/turn    (no ring)
MPRegen 0.09/turn

%: no passive effects
@: on fire, glowing
A: claws 1, powered by death 1, condensation shield
a: no special abilities


You were on level 3 of the Dungeon.
You visited 1 branch of the dungeon, and saw 3 of its levels.

You collected 84 gold pieces.

Inventory:

Hand Weapons
 a - a +0 shortbow (weapon)
 l - a +0 sling
Armour
 c - a +0 leather armour (worn)
Jewellery
 f - a ring of magical power
Scrolls
 b - a scroll of butterflies
 e - 3 scrolls of identify {unknown}
 g - 2 scrolls of acquirement {unknown}
 j - a scroll of fear {unknown}
 m - 2 scrolls of immolation {unknown}
 o - a scroll of fog {unknown}
Potions
 d - a potion of lignification {unknown}
 h - 2 potions of curing {unknown}
 i - a potion of berserk rage {unknown}
 k - a potion of brilliance {unknown}
 n - a potion of magic {unknown}


   Skills:
 + Level 2.7 Fighting
 + Level 5.4 Ranged Weapons
 + Level 0.7 Armour
 + Level 2.2 Dodging
 + Level 0.9 Stealth


You had 4 spell levels left.
You didn't know any spells.
Your spell library was empty.

Dungeon Overview and Level Annotations

Branches:
Dungeon (3/15)

Altars:

Annotations:
D:3 1 runed translucent door, Crazy Yiuf


Innate Abilities, Weirdness & Mutations

You have sharp fingernails.
You regenerate a little health from kills.
A meltable shield of frost defends you. (SH +0)


Message History

The liquid fire burns you!
You shoot an arrow. The arrow hits the bombardier beetle.
The bombardier beetle is moderately wounded.
The liquid fire burns you! The bombardier beetle bites you.
You shake off the liquid fire.
You are too injured to fight recklessly!
You are too injured to fight recklessly!
You are too injured to fight recklessly!
The bombardier beetle closely misses you.
You shoot an arrow. The arrow hits the bombardier beetle.
The bombardier beetle is heavily wounded.
The bombardier beetle barely misses you.
You shoot an arrow. The arrow hits the bombardier beetle.
The bombardier beetle is severely wounded.
You shoot an arrow. The arrow hits the bombardier beetle.
The bombardier beetle is severely wounded.
The bombardier beetle sprays incendiary fluid at you.
The burning spray hits you.
You are covered in liquid fire!
You shoot an arrow.
The arrow hits the bombardier beetle but does no damage.
The bombardier beetle is severely wounded.
The liquid fire burns you!
The bombardier beetle sprays incendiary fluid at you.
The burning spray hits you.
You are even more covered in liquid fire!
You shake off some of the fire as you move.
The liquid fire burns you!
* * * LOW HITPOINT WARNING * * *
Found a stone staircase leading down.
You shake off some of the fire as you move.
The liquid fire burns you!
* * * LOW HITPOINT WARNING * * *
You shake off some of the fire as you move.
The liquid fire burns you!
* * * LOW HITPOINT WARNING * * *
You shake off some of the fire as you move.
The liquid fire burns you!
You die...

......>. #.......
##....... ##
........# .#
#......####?## .
............# ...
#......#.###
.##..##....B.....#
.......@...##.....#
.#######.#.##......
#..........#.
#...##.....#
#######...##.....#
#............#####
#.######......†#
#...##...(...#
#...##.......#


You could see a bombardier beetle.

Vanquished Creatures
  A sky beast (D:3)
  Natasha (D:3)
  2 adders (D:2)
  A dart slug (D:1)
  An orc (D:3)
  2 ball pythons
  4 endoplasms
  2 giant cockroaches (D:1)
  6 goblins
  6 hobgoblins
  2 kobolds (D:1)
  2 quokkas (D:1)
  5 bats
  A frilled lizard (D:2)
  4 rats
40 creatures vanquished.

Notes
Turn   | Place    | Note
-------+----------+-------------------------------------------
     0 | D:1      | gelatine the Demonspawn Hunter began the quest for the Orb.
     0 | D:1      | Reached XP level 1. HP: 16/16 MP: 1/1
   156 | D:1      | Gained mutation: You regenerate a little health from kills.
                  | [demonic ancestry]
   156 | D:1      | Reached XP level 2. HP: 22/22 MP: 2/2
   218 | D:1      | Reached skill level 4 in Ranged Weapons
   598 | D:1      | Found a faded altar of an unknown god.
   701 | D:2      | Reached XP level 3. HP: 19/27 MP: 3/3
  1121 | D:3      | Noticed Natasha
  1128 | D:3      | Killed Natasha
  1129 | D:3      | Gained mutation: A meltable shield of frost defends you.
                  | (SH +0) [demonic ancestry]
  1129 | D:3      | Reached XP level 4. HP: 17/34 MP: 4/4
  1184 | D:3      | Noticed a sky beast
  1194 | D:3      | Killed a sky beast
  1195 | D:3      | Reached skill level 5 in Ranged Weapons
  1195 | D:3      | Gained mutation: You have sharp fingernails. [demonic
                  | ancestry]
  1195 | D:3      | Reached XP level 5. HP: 19/39 MP: 5/5
  1321 | D:3      | Found a runed translucent door.
  1322 | D:3      | Noticed Crazy Yiuf
  1399 | D:3      | Incinerated by a bombardier beetle

Illustrated notes

Levels and vault maps discovered:
D:1:      tarquinn_simple_flora_water_d, layout_loops_cross,
          hellmonk_ecumenical_altar_leap_of_faith
D:2:      layout_rooms
D:3:      layout_basic, uniq_crazy_yiuf_cottage, uniq_natasha

Skill      XL: |  1  2  3  4 |
---------------+-------------+-----
Dodging        | 2 |  2.2
Ranged Weapons | 4 5 |  5.4
Fighting       | |  2.7
Armour         | |  0.7
Stealth        | |  0.9

Action                     |  1- 3 |  4- 6 || total
---------------------------+-------+-------++-------
   Fire: Shortbow          |   119 |    22 ||   141
 Armour: Leather armour    |    35 |     5 ||    40
  Dodge: Dodged            |    24 |     3 ||    27
